 Dungeon Crawl Stone Soup version 0.31.0-32-g396128a36d (webtiles) character file.

Game seed: 15980933027640407669

18972 caiodrago the Grappler (level 12, -15/189 HPs)
             Began as a Troll Berserker on Mar 31, 2024.
             Was an Elder of Trog.
             Demolished by a cane toad (21 damage)
             ... on level 2 of the Lair of Beasts.
             The game lasted 00:47:26 (9757 turns).

caiodrago the Grappler (Troll Berserker)            Turns: 9757, Time: 00:47:26

Health: -15/189    AC:  9    Str: 32    XL:     12   Next: 32%
Magic:  11/11      EV: 10    Int:  3    God:    Trog [****..]
Gold:   525        SH:  0    Dex:  9    Spells: 11/11 levels left

rFire   + .          .
                       - Unarmed
rCold   . . .        (no shield)
rNeg    . . .        z - +0 steam dragon scales
rPois   +            C - +1 hat
rElec   .            (no cloak)
rCorr   +            (gloves unavailable)
SInv    .            (boots unavailable)
Will    .....        (no amulet) Stlth
                     D - ring "Edwiroidd" {rF+ rCorr Stlth+}
HPRegen 1.31/turn    v - ring of poison resistance
MPRegen 0.12/turn

%: no passive effects
@: berserking, very quick
A: large, unfitting armour, claws 3, regeneration 1, shaggy fur 1, tough skin 1,
mutation resistance 2
a: Renounce Religion, Berserk, Trog's Hand, Brothers in Arms


You were on level 2 of the Lair of Beasts.
You worshipped Trog.
Trog was greatly pleased with you.
You visited 2 branches of the dungeon, and saw 11 of its levels.

You collected 577 gold pieces.
You spent 52 gold pieces at shops.

Inventory:

Hand Weapons
 d - a +4 mace
Missiles
 a - 4 silver javelins
 e - 4 curare-tipped darts (quivered)
Armour
 z - +0 steam dragon scales (worn)
 C - a +1 hat (worn)
Jewellery
 m - a ring of protection from cold
 v - a ring of poison resistance (right claw)
 y - a ring of see invisible
 D - the ring "Edwiroidd" (left claw) {rF+ rCorr Stlth+}
   (You found it on level 8 of the Dungeon)

   [ring of resist corrosion]

   rF+:       It protects you from fire.
   rCorr:     It protects you from acid and corrosion.
   Stlth+:    It makes you more stealthy.
 F - a ring of protection from fire
Wands
 t - a wand of quicksilver (9)
 w - a wand of charming (14)
Scrolls
 b - 2 scrolls of fear
 h - 6 scrolls of teleportation
 n - 2 scrolls of immolation
 r - a scroll of poison
 A - a scroll of blinking {unknown}
 E - a scroll of enchant armour {unknown}
 G - a scroll of noise {unknown}
 H - 2 scrolls of revelation
Potions
 c - a potion of berserk rage
 f - 2 potions of mutation
 g - a potion of cancellation
 i - a potion of lignification
 j - 3 potions of might
 k - 3 potions of curing
 l - a potion of degeneration
 o - a potion of haste
 p - a potion of enlightenment
 q - 3 potions of attraction
 s - a potion of resistance
 u - a potion of invisibility {unknown}
 x - a potion of brilliance
 B - a potion of ambrosia {unknown}


   Skills:
 - Level 9.9 Fighting
 - Level 7.7 Armour
 + Level 3.8 Dodging
 * Level 14.3 Unarmed Combat


You had 11 spell levels left.
You didn't know any spells.
Your spell library was empty.

Dungeon Overview and Level Annotations

Branches:
Dungeon (8/15)             Temple (0/1) D:4            Lair (3/5) D:8
  Swamp: Lair:2-3    Shoals: Lair:2-3     Snake: Lair:2-3    Spider: Lair:2-3

Altars:
Kikubaaqudgha
Xom

Shops:
D:2 !   D:6 [


Innate Abilities, Weirdness & Mutations

You are too large for most types of armour.
You have claws for hands.
Your natural rate of healing is unusually fast.
You are covered in fur. (AC +1)
You have tough skin. (AC +1)
You are somewhat resistant to both further mutation and mutation removal.


Message History

The komodo dragon is severely wounded.
The komodo dragon bites you! The blink frog hits you.
The blink frog blinks!
A yak comes into view.
An elephant comes into view.
The black mamba bites you! The black mamba misses you.
An elephant comes into view.
There is a stone staircase leading up, spattered with blood here.
The black mamba barely misses you.
The cane toad stings you but does no damage.
The blink frog hits you. The black mamba bites you!
The komodo dragon barely misses you.
You climb upwards.
There is a stone staircase leading down here.
You mangle the komodo dragon!!
You kill the komodo dragon!
Trog accepts your kill. The cane toad stings you! The black mamba bites you.
The blink frog blinks!
You barely miss the blink frog. The black mamba bites you!
* * * LOW HITPOINT WARNING * * *
The cane toad closely misses you.
The blink frog hits you but does no damage.
Okay, then.
A red film seems to cover your vision as you go berserk!
You feel yourself moving faster!
You feel mighty! The black mamba closely misses you.
The blink frog hits you but does no damage.
The cane toad stings you.
* * * LOW HITPOINT WARNING * * *
The black mamba bites you!
* * * LOW HITPOINT WARNING * * *
You are too berserk!
You are too berserk!
You miss the blink frog. The black mamba bites you!
* * * LOW HITPOINT WARNING * * *
The blink frog hits you but does no damage.
The cane toad stings you.
* * * LOW HITPOINT WARNING * * *
You closely miss the black mamba. The black mamba closely misses you.
The blink frog closely misses you. The cane toad stings you!!
You die...

#.######.###### #...# ##.## ###
##..## #...# ### ### #..##
#.######.####.# #.>.# ##.#
#........##### #.... ##..#
##............######.... #...#
#.............##.#...... #
##..####...........###........
####...##.......@F....# ##.......
......####.....FS.....# #P.......
......###.............###........
#.##.....#...........#.##........
####.......##....................
#.#...P..#....##.....###.......|.
......#...#.##....#### #.........
....#.#..####....## ##.........
...###......##...# ##..........


You could see a black mamba, a cane toad and a blink frog.

Vanquished Creatures
  A two-headed ogre (D:8)
  7 death yaks (Lair:1)
  A boulder beetle (Lair:2)
  Sonja (Lair:1)
  A skyshark (Lair:2)
  Maggie (D:7)
  8 cane toads
  3 komodo dragons
  A rime drake (Lair:2)
  A troll (D:8)
  5 blink frogs (Lair:2)
  2 wyverns
  18 yaks (Lair:1)
  A basilisk (Lair:1)
  3 steam dragons
  6 water moccasins
  Duvessa (D:5)
  Pargi (D:3)
  2 ice beasts
  2 orc warriors
  An ogre (D:6)
  4 black bears
  6 wolves (Lair:1)
  2 centaurs
  A phantom (D:7)
  2 kobold brigands (D:8)
  Blork the orc (D:4)
  4 bullfrogs
  A gnoll sergeant (D:8)
  4 scorpions
  9 wights (D:7)
  Dowan (D:5)
  An electric eel (Lair:1)
  4 bombardier beetles
  4 hounds
  2 orc priests
  A jelly (D:4)
  A sleepcap (D:5)
  A gnoll bouda (D:5)
  7 orc wizards
  Natasha (thrice) (D:2)
  2 iguanas (D:7)
  8 gnolls
  7 adders
  2 shadow imps (D:5)
  A white imp (D:8)
  6 ufetubi
  3 dart slugs
  2 ribbon worms
  35 orcs
  6 ball pythons
  5 bats
  5 endoplasms
  4 hobgoblins
  3 jackals (D:1)
  2 quokkas
  2 frilled lizards (D:1)
  10 goblins
  12 kobolds
  8 rats
249 creatures vanquished.

Vanquished Creatures (others)
  A yak (D:8)
  An orc warrior (D:8)
  A howler monkey (D:8)
3 creatures vanquished.

Grand Total: 252 creatures vanquished

Notes
Turn   | Place    | Note
-------+----------+-------------------------------------------
     0 | D:1      | caiodrago the Troll Berserker began the quest for the Orb.
     0 | D:1      | Reached XP level 1. HP: 22/22 MP: 0/0
   181 | D:1      | Reached XP level 2. HP: 29/29 MP: 1/1
   492 | D:1      | Found a faded altar of an unknown god.
   630 | D:2      | Reached skill level 4 in Unarmed Combat
   650 | D:2      | Noticed Natasha
   656 | D:2      | Killed Natasha
   657 | D:2      | Reached XP level 3. HP: 33/36 MP: 2/2
   737 | D:2      | Found Lull's Distillery.
   744 | D:2      | Bought a potion of curing for 39 gold pieces
   761 | D:2      | Bought a potion of degeneration for 13 gold pieces
   801 | D:2      | Reached XP level 4. HP: 44/44 MP: 3/3
   805 | D:2      | Reached ** piety under Trog
   831 | D:2      | Reached skill level 5 in Unarmed Combat
   961 | D:2      | Noticed Natasha
   965 | D:2      | Killed Natasha
  1010 | D:2      | Noticed Natasha
  1013 | D:2      | Killed Natasha
  1014 | D:2      | Reached XP level 5. HP: 50/50 MP: 4/4
  1342 | D:3      | Gained mutation: You are somewhat resistant to further
                  | mutation. [potion of mutation]
  1342 | D:3      | Gained mutation: You are somewhat resistant to both further
                  | mutation and mutation removal. [potion of mutation]
  1523 | D:3      | Noticed Pargi
  1533 | D:3      | Reached skill level 6 in Unarmed Combat
  1543 | D:3      | Killed Pargi
  1544 | D:3      | Reached XP level 6. HP: 56/59 MP: 5/5
  1550 | D:3      | Reached skill level 7 in Unarmed Combat
  1607 | D:3      | Found an ancient bone altar of Kikubaaqudgha.
  2372 | D:4      | Reached XP level 7. HP: 66/67 MP: 6/6
  2391 | D:4      | Reached skill level 8 in Unarmed Combat
  2453 | D:4      | Noticed Blork the orc
  2462 | D:4      | Killed Blork the orc
  2462 | D:4      | Reached *** piety under Trog
  2600 | D:4      | Found a staircase to the Ecumenical Temple.
  2894 | D:5      | Entered Level 5 of the Dungeon
  3194 | D:5      | Noticed Duvessa
  3195 | D:5      | Noticed Dowan
  3205 | D:5      | Killed Dowan
  3206 | D:5      | Reached skill level 9 in Unarmed Combat
  3207 | D:5      | Killed Duvessa
  3208 | D:5      | Reached XP level 8. HP: 55/78 MP: 7/7
  3734 | D:6      | Found Culun's Armour Shoppe.
  3884 | D:6      | Reached skill level 10 in Unarmed Combat
  4075 | D:6      | Reached skill level 5 in Fighting
  4525 | D:7      | Reached XP level 9. HP: 88/88 MP: 8/8
  4608 | D:7      | Reached skill level 11 in Unarmed Combat
  4613 | D:7      | Reached **** piety under Trog
  4856 | D:7      | Noticed Maggie
  4870 | D:7      | Killed Maggie
  4962 | D:7      | Reached skill level 12 in Unarmed Combat
  5240 | D:8      | Found a staircase to the Lair.
  5265 | D:8      | Noticed a troll
  5285 | D:8      | Killed a troll
  5463 | D:8      | Reached skill level 13 in Unarmed Combat
  5732 | D:8      | Reached XP level 10. HP: 94/98 MP: 9/9
  5733 | D:8      | Noticed a two-headed ogre
  5739 | D:8      | Killed a two-headed ogre
  5984 | D:8      | Found a shimmering altar of Xom.
  6002 | D:8      | Identified the ring "Edwiroidd" {rF+ rCorr Stlth+}
  6525 | Lair:1   | Entered Level 1 of the Lair of Beasts
  6526 | Lair:1   | Noticed a cane toad
  6679 | Lair:1   | Killed a cane toad
  6680 | Lair:1   | Reached skill level 1 in Armour
  6785 | Lair:1   | Noticed a cane toad
  6788 | Lair:1   | Killed a cane toad
  6898 | Lair:1   | Noticed a death yak
  6910 | Lair:1   | Killed a death yak
  6954 | Lair:1   | Noticed a death yak
  6955 | Lair:1   | Noticed a death yak
  7027 | Lair:1   | Reached XP level 11. HP: 111/111 MP: 10/10
  7084 | Lair:1   | Killed a death yak
  7085 | Lair:1   | Reached skill level 5 in Armour
  7092 | Lair:1   | Killed a death yak
  7166 | Lair:1   | Noticed Sonja
  7173 | Lair:1   | Killed Sonja
  7845 | Lair:1   | Noticed a death yak
  7847 | Lair:1   | Noticed a death yak
  7849 | Lair:1   | Noticed a death yak
  7849 | Lair:1   | Noticed a death yak
  7857 | Lair:1   | Killed a death yak
  7862 | Lair:1   | Killed a death yak
  7870 | Lair:1   | Killed a death yak
  7874 | Lair:1   | Killed a death yak
  8776 | Lair:2   | Reached XP level 12. HP: 126/126 MP: 11/11
  9044 | Lair:2   | Noticed a boulder beetle
  9059 | Lair:2   | Killed a boulder beetle
  9060 | Lair:2   | Reached skill level 14 in Unarmed Combat
  9756 | Lair:2   | HP: 5/189 [cane toad (6)]
  9757 | Lair:2   | Demolished by a cane toad

Illustrated notes

Levels and vault maps discovered:
D:1:      dpeg_arrival_round_a, layout_basic, dreamdust_ecumenical_altar_grove,
          minmay_misc_feat_tiny, chequers_jeans
D:2:      layout_basic, serial_shops, nicolae_shop_tiny_waterfront, uniq_natasha
D:3:      layout_basic, mainiacjoe_overflow_brackets, uniq_pargi
D:4:      layout_basic, minmay_temple_entry_overgrown, uniq_blork_the_orc
D:5:      layout_loops_ring, uniq_duvessa
D:6:      layout_rooms, serial_shops, shop
D:7:      layout_cave_pools, dk_noncrumbling_2, uniq_maggie
D:8:      layout_basic, xom_confusion_cloud, lair_entry_dummy
Lair:1:   layout_layer_cave, serial_bayou_lagoon_a, beast_lair_carwin_5,
          infiniplex_staircase_pool, lemuel_fruit_tree, uniq_sonja
Lair:2:   layout_cave_pods
Lair:3:   layout_chaotic_city, elwin_shoals_entry_rocks,
          minmay_snake_entry_six_corridors, dreamdust_gnoll_shepherd

Skill      XL: |  1  2  3  4  5  6  7  8  9 10 11 12 |
---------------+-------------------------------------+-----
Unarmed Combat | 4 5 6 7 9 10 13 14 | 14.3
Fighting       | 3 5 6 7 9 |  9.9
Armour         | 4 7 |  7.7
Dodging        | 3 |  3.8

Action                     |  1- 3 |  4- 6 |  7- 9 | 10-12 || total
---------------------------+-------+-------+-------+-------++-------
  Melee: Unarmed           |    62 |   111 |   253 |   255 ||   681
         Punch             |       |     3 |    11 |    25 ||    39
  Throw: Javelin           |       |       |       |     1 ||     1
 Invoke: Berserk           |     1 |     1 |     4 |     5 ||    11
         Trog's Hand       |       |     1 |     4 |     3 ||     8
  Evoke: Wand              |       |       |       |     2 ||     2
    Use: Scroll            |       |    12 |     4 |     3 ||    19
         Potion            |       |     1 |     1 |     2 ||     4
   Stab: Distracted        |     1 |       |       |       ||     1
         Sleeping          |       |       |       |     1 ||     1
 Armour: Animal skin       |    40 |    54 |       |       ||    94
         Troll leather arm |       |    36 |   114 |       ||   150
         Steam dragon scal |       |       |    69 |   205 ||   274
  Dodge: Dodged            |    28 |    56 |   135 |   113 ||   332
